 Dungeon Crawl Stone Soup version 0.30-a0-989-g0d87f670db (webtiles) character file.

Game seed: 11504066223984981239

3072383 grumposus the Grand Master (level 27, 319/319 HPs)
             Began as an Octopode Transmuter on Apr 4, 2023.
             Was an Initiate of Gozag.
             Escaped with the Orb
             ... and 5 runes!
             The game lasted 03:42:48 (75895 turns).

grumposus the Grand Master (Octopode Transmuter)   Turns: 75895, Time: 03:42:49

Health: 319/319    AC: 24    Str: 33    XL:     27
Magic:  34/41      EV: 30    Int: 23    God:    Gozag
Gold:   3421       SH:  5    Dex: 28    Spells: 15/38 levels left

rFire   + + +      SeeInvis +      - Unarmed
rCold   + + .      Faith    .    Y - melded +5 kite shield {AC+3}
rNeg    + + .      Spirit   .    S - melded +2 hat {Stlth+}
rPois   +          Reflect  +    L - amulet "Zoedeoss" {Reflect Fragile Dex+6 SH+5}
rElec   +          Rampage  .    u - ring of Hepliaklqana's Hatred {rElec rPois rC+++ Stlth+}
rCorr   +                        G - ring "Dyuki" {rF+ Will+ Str+5 Int-5 Stlth+}
Will    ++++.                    Z - ring "Wohesoeh" {rF+ rN+ rCorr SInv}
Stlth   +++                      K - ring "Ciheed" {Fly rN+ Will+ Dex+5}
HPRegen 0.73/turn                C - ring of Idaisivirphuf {AC+4 Str+6 Dex-5 Slay+2}
MPRegen 0.27/turn                j - +9 ring of intelligence
                                 N - ring of Goadacracho {rF+ AC+4}
                                 O - ring "Pifen" {MP+9 EV+5 Str+4}

@: dragon-form, flying, bribing [the Dungeon, the Realm of Zot]
A: dragon claw, dragon scales, breathe fire, flying, boosted hp, almost no
armour, amphibious, 8 rings, giant, (camouflage 1), (gelatinous body 1), (nimble
swimmer 1), (tentacles), (tentacle spike 1), weak 1, no potion heal 1,
MP-powered wands
0: Orb of Zot
}: 5/15 runes: serpentine, barnacled, slimy, silver, abyssal
a: Breathe Fire, End Transformation, Renounce Religion, Potion Petition, Call
Merchant, Bribe Branch


You escaped.
You worshipped Gozag.
Gozag was most pleased with you.
You were a fearsome dragon!
You visited 10 branches of the dungeon, and saw 52 of its levels.
You visited the Abyss 1 time.
You visited 1 bazaar.
You also visited: Ice Cave.

You collected 35330 gold pieces.
You spent 7865 gold pieces at shops.
You paid 24044 gold pieces to Gozag.

Inventory:

Missiles
 n - 6 throwing nets
 o - 9 silver javelins
 F - 10 javelins
Armour
 v - the +8 tower shield of the Great Game {MP-9 Int+6 SInv}
   (You acquired it on level 3 of the Realm of Zot)

   Int:       It affects your intelligence (+6).
   MP:        It affects your magic capacity (-9).
   SInv:      It lets you see invisible.
 S - a +2 hat of stealth (melded)
 Y - a +5 kite shield of protection (melded)
Magical Staves
 x - a staff of earth
Jewellery
 j - a +9 ring of intelligence (on tentacle)
 u - the ring of Hepliaklqana's Hatred (left foreclaw) {rElec rPois rC+++ Stlth+}
   (You bought it in a shop on level 1 of the Shoals)

   [ring of poison resistance]

   rC:        It renders you almost immune to cold.
   rElec:     It insulates you from electricity.
   rPois:     It protects you from poison.
   Stlth:     It makes you more stealthy.
 C - the ring of Idaisivirphuf (on tentacle) {AC+4 Str+6 Dex-5 Slay+2}
   (You found it on level 8 of the Dungeon)

   [ring of protection]

   AC:        It affects your AC (+4).
   Str:       It affects your strength (+6).
   Dex:       It affects your dexterity (-5).
   Slay:      It affects your accuracy & damage with ranged weapons and melee
   (+2).
 G - the ring "Dyuki" (right foreclaw) {rF+ Will+ Str+5 Int-5 Stlth+}
   (You bought it in a shop on level 12 of the Dungeon)

   [ring of willpower]

   Str:       It affects your strength (+5).
   Int:       It affects your intelligence (-5).
   rF:        It protects you from fire.
   Will:      It increases your willpower.
   Stlth:     It makes you more stealthy.
 K - the ring "Ciheed" (on tentacle) {Fly rN+ Will+ Dex+5}
   (You took it off a deep elf annihilator on level 3 of the Elven Halls)

   [ring of willpower]

   Dex:       It affects your dexterity (+5).
   rN:        It protects you from negative energy.
   Fly:       It grants you flight.
   Will:      It increases your willpower.
 L - the amulet "Zoedeoss" (around neck) {Reflect Fragile Dex+6 SH+5}
   (You found it on level 7 of the Dungeon)

   [amulet of reflection]

   It reflects blocked missile attacks.
   Dex:       It affects your dexterity (+6).
   Fragile:   It will be destroyed if unequipped.
   SH:        It affects your SH (+5).
 N - the ring of Goadacracho (on tentacle) {rF+ AC+4}
   (You found it on level 2 of the Elven Halls)

   [ring of protection]

   AC:        It affects your AC (+4).
   rF:        It protects you from fire.
 O - the ring "Pifen" (on tentacle) {MP+9 EV+5 Str+4}
   (You found it on level 7 of the Dungeon)

   [ring of evasion]

   EV:        It affects your evasion (+5).
   Str:       It affects your strength (+4).
   MP:        It affects your magic capacity (+9).
 Z - the ring "Wohesoeh" (on tentacle) {rF+ rN+ rCorr SInv}
   (You bought it in a shop on level 12 of the Dungeon)

   [ring of see invisible]

   rF:        It protects you from fire.
   rN:        It protects you from negative energy.
   SInv:      It lets you see invisible.
   rCorr:     It protects you from acid and corrosion.
Wands
 c - a wand of flame (87)
 m - a wand of roots (59)
 q - a wand of paralysis (53)
 B - a wand of mindburst (9)
 D - a wand of acid (39)
 I - a wand of polymorph (26)
 W - a wand of digging (18)
Scrolls
 d - 6 scrolls of magic mapping
 e - 8 scrolls of poison
 g - 20 scrolls of teleportation
 k - 4 scrolls of summoning
 r - a scroll of blinking
 y - 9 scrolls of vulnerability
 E - 5 scrolls of fear
 H - 2 scrolls of silence
 M - 14 scrolls of fog
 X - 2 scrolls of enchant armour
Potions
 a - 14 potions of lignification
 b - 14 potions of attraction
 f - 9 potions of flight
 h - 4 potions of magic
 i - 6 potions of resistance
 l - 4 potions of brilliance
 p - 8 potions of cancellation
 s - 2 potions of invisibility
 t - 7 potions of mutation
 z - 2 potions of berserk rage
 A - 12 potions of might
 J - 28 potions of curing
 P - 13 potions of haste
 R - 12 potions of heal wounds
 U - 9 potions of ambrosia
Miscellaneous
 w - a tin of tremorstones (2/2)
 Q - a box of beasts
 T - a phantom mirror
 V - a condenser vane


   Skills:
 + Level 23.7 Fighting
 + Level 12.0 Throwing
 - Level 20.0 Dodging
 - Level 8.0 Stealth
 - Level 15.0 Shields
 O Level 27 Unarmed Combat
 - Level 6.0 Spellcasting
 - Level 20.0 Transmutations
 - Level 8.0 Ice Magic
 + Level 18.8 Earth Magic
 - Level 12.0 Evocations


You had 15 spell levels left.
You knew the following spells:

 Your Spells              Type           Power      Damage    Failure   Level
a - Beastly Appendage     Tmut           100%       N/A       0%          1
b - Wereblood             Tmut           78%        N/A       0%          2
c - Ice Form              Ice/Tmut       63%        N/A       1%          4
d - Frozen Ramparts       Ice            86%        1d13      1%          3
e - Statue Form           Tmut/Erth      51%        N/A       1%          6
f - Dragon Form           Tmut           39%        N/A       1%          7

Your spell library contained the following spells:

 Spells                   Type           Power      Damage    Failure   Level
 Sandblast                Erth           100%       2d20      0%          1
 Passwall                 Tmut/Erth      64%        N/A       0%          2
 Freeze                   Ice            100%       1d10      1%          1
 Sting                    Tmut/Pois      100%       1d8       1%          1
 Ignite Poison            Fire/Tmut/Pois 37%        N/A       1%          3
 Ozocubu's Armour         Ice            43%        N/A       1%          3
 Spider Form              Tmut/Pois      52%        N/A       1%          3
 Stone Arrow              Conj/Erth      100%       3d13      1%          3
 Petrify                  Tmut/Erth      77%        N/A       1%          4
 Blade Hands              Tmut           39%        N/A       1%          5
 Ensorcelled Hibernation  Hex/Ice        50%        N/A       2%          2
 Alistair's Intoxication  Tmut/Pois      34%        N/A       3%          5
 Irradiate                Conj/Tmut      26%        3d20      3%          5
 Yara's Violent Unravell  Hex/Tmut       26%        3d11      3%          5
 Hailstorm                Conj/Ice       25%        3d7       4%          3
 Borgnjor's Vile Clutch   Necr/Erth      25%        N/A       4%          5
 Apportation              Tloc           12%        N/A       9%          1
 Kiss of Death            Conj/Necr      24%        2d7       9%          1
 Magic Dart               Conj           24%        1d4       9%          1
 Necrotise                Necr           24%        1d5       9%          1
 Shock                    Conj/Air       24%        1d4       9%          1
 Summon Small Mammal      Summ           24%        N/A       9%          1
 Blink                    Tloc           12%        N/A       13%         2
 Cigotuvi's Dreadful Rot  Necr/Pois/Air  12%        N/A       13%         2
 Poisonous Vapours        Pois/Air       12%        N/A       13%         2
 Scorch                   Fire           12%        2d6       13%         2
 Searing Ray              Conj           12%        2d4       13%         2
 Summon Ice Beast         Ice/Summ       25%        N/A       16%         4
 Confusing Touch          Hex            6%         N/A       26%         3
 Dazzling Flash           Conj/Hex       12%        N/A       26%         3
 Swiftness                Air            6%         N/A       26%         3
 Tukima's Dance           Hex            6%         N/A       26%         3
 Vampiric Draining        Necr           6%         2d6       26%         3
 Vhi's Electric Charge    Tloc/Air       12%        N/A       26%         3
 Iron Shot                Conj/Erth      25%        9d5       28%         6
 Metabolic Englaciation   Hex/Ice        12%        N/A       41%         5
 Airstrike                Air            3%         2d(1-17)  63%         4
 Anguish                  Hex/Necr       3%         N/A       63%         4
 Cause Fear               Hex            3%         N/A       63%         4
 Dispel Undead            Necr           6%         3d8       63%         4
 Flame Wave               Conj/Fire      6%         2d5       63%         4
 Fulminant Prism          Conj/Hex       3%         3d5       63%         4
 Iskenderun's Mystic Bla  Conj/Tloc      6%         2d4       63%         4
 Manifold Assault         Tloc           6%         N/A       63%         4
 Olgreb's Toxic Radiance  Pois           6%         N/A       63%         4
 Passage of Golubria      Tloc           6%         N/A       63%         4
 Sticky Flame             Conj/Fire      6%         2d3       63%         4
 Freezing Cloud           Conj/Ice/Air   9%         6-21      63%         5
 Storm Form               Tmut/Air       26%        N/A       75%         7
 Agony                    Necr           6%         N/A       93%         5
 Arcjolt                  Conj/Air       3%         1d13      93%         5
 Iskenderun's Battlesphe  Conj           6%         2d6       93%         5
 Silence                  Hex/Air        3%         N/A       93%         5
 Ozocubu's Refrigeration  Ice            21%        4d12      95%         7
 Conjure Ball Lightning   Conj/Air       3%         3x3d6     100%        6
 Death Channel            Necr           3%         N/A       100%        6
 Starburst                Conj/Fire      3%         6d3       100%        6
 Summon Cactus Giant      Summ           3%         N/A       100%        6
 Enfeeble                 Hex            3%         N/A       100%        7
 Spellforged Servitor     Conj/Summ      3%         N/A       100%        7
 Ignition                 Fire           3%         3d4       100%        8
 Lehudib's Crystal Spear  Conj/Erth      25%        10d7      100%        8
 Maxwell's Capacitive Co  Air            3%         ∞         100%        8
 Dragon's Call            Summ           3%         N/A       100%        9
 Animate Armour           Summ/Erth      Unusable   N/A       N/A         4
 Animate Dead             Necr           Unusable   N/A       N/A         4

Dungeon Overview and Level Annotations

Branches:
Dungeon (15/15)            Temple (0/1) D:7            Lair (5/5) D:11
 Shoals (4/4) Lair:3        Snake (4/4) Lair:2        Slime (5/5) Lair:5
    Orc (2/2) D:12            Elf (3/3) Orc:2        Vaults (5/5) D:13
  Crypt (0/3) Vaults:2     Depths (4/4) D:15            Zot (5/5) Depths:4
  IceCv (visited)

Altars:
Ashenzari
Dithmenos
Elyvilon
Gozag
Hepliaklqana
Makhleb
Qazlal
Uskayaw
Wu Jian
Jiyva

Shops:
D:1 =   D:6 (   D:12 **=   Orc:2 [(*[=   Elf:1 (   Shoals:1 (=   Shoals:2 !
Vaults:2 **   Vaults:4 ?   Zot:1 *   Depths:2 (   Depths:4 =:=

Portals:
Hell: Depths:1 Depths:2 Depths:3 Depths:4
Abyss: Depths:3
Pandemonium: Depths:2 Depths:3
Ziggurat: Depths:2

Annotations:
D:2 exclusion: downstairs
D:10 exclusion: 2 downstairs
D:13 2 transporters, Jynaviopo's ghost, journeyman GrFi
Lair:3 3 runed translucent doors, ShinQuickMan's ghost, journeyman HuCj
Zot:1 3 runed translucent doors, exclusion: obsidian statue, Xapeig's ghost, legendary GrAr


Innate Abilities, Weirdness & Mutations

You are a fearsome dragon!
You have a powerful clawing attack.
Your giant scaled body is strong and resiliant, but less evasive.
You can breathe fire.
You are flying.
Your maximum health is greatly increased.
Your armour is entirely melded.
You are incapable of wielding weapons or throwing items.
You cannot wear most types of armour.
You are amphibious.
You can wear up to eight rings at the same time.
((Your skin changes colour to match your surroundings (Stealth+).))
((Your rubbery body absorbs attacks. (AC +1, EV +1)))
((You are camouflaged when in or above water. (Stealth+)))
((You have tentacles for arms and can constrict up to eight enemies at once.))
((One of your tentacles bears a spike.))
You are weak. (Str -2)
Potions are less effective at restoring your health.
You expend magic power (3 MP) to strengthen your wands.


Message History

There is a stone staircase leading up here.
You fly upwards.
There is a stone staircase leading down here.
There is a stone staircase leading up here.
You fly upwards.
Your transformation is almost over.
There is a stone staircase leading down here.
HP restored.
Your transformation has ended.
Your +2 hat of stealth unmelds from your body.
Your +5 kite shield of protection unmelds from your body.
You feel stealthy.
You feel protected.
You see here a +0 leather armour.
(D) Dungeon (T) Temple (L) Lair (A) Shoals (P) Snake Pit (M) Slime Pits (O) Orcish Mines (E) Elven Halls (V) Vaults (C) Crypt (U) Depths (H) Hell (Z) Zot
Where to? (Enter - D:1 @ (x,y), ? - help)
What level of the Dungeon? (default 1, ? - help)
There is a stone staircase leading up here.
You fly upwards.
There is a stone staircase leading down here.
There is a stone staircase leading up here.
You fly upwards.
Level annotation: exclusion: downstairs
There is a stone staircase leading down here.
There is an open door here.
There is a stone staircase leading up here.
You fly upwards.
There is a stone staircase leading down here.
There is an open door here.
There is a staircase leading out of the dungeon here.
Casting: Dragon Form (mildly dangerous; 3% risk of failure)
Confirm with . or Enter, or press ? or * to list all spells.
You turn into a fearsome dragon!
Your +2 hat of stealth melds into your body.
Your +5 kite shield of protection melds into your body.
You feel less stealthy.
You feel less protected.
Okay, then.
You have escaped!

##### ###...# ##.## #
#.### ##...# # #.#
##...## # ###.##
##...## # #....###...##
# #.....#...## #
#####........## #
#>..'........##########
#####.D................
#.........########.
###################
#.........# #.###.###†#
#.#.....#.# #.#.#.#.#.#
#.#.#.#.#.# #.#.#.#.#.#


There were no monsters in sight!

Vanquished Creatures
  the Royal Jelly (Slime:5)
  Tiamat (Zot:3)
  5 ancient liches
  5 dread liches
  7 orbs of fire
  A juggernaut (Depths:2)
  2 Killer Klowns (Zot:5)
  Bai Suzhen (Depths:2)
  Margery (Vaults:3)
  Xtahua (Vaults:5)
  A shard shrike (Zot:4)
  2 curse toes
  3 caustic shrikes
  12 golden dragons
  Nikola (Elf:2)
  3 profane servitors (Abyss:4)
  9 bone dragons
  3 hellephants
  2 electric golems (Zot:5)
  17 tentacled monstrosities
  3 walking crystal tomes
  3 shard shrike skeletons (Abyss:4)
  A Hell Sentinel (Abyss:4)
  6 liches
  23 Orb Guardians
  8 quicksilver dragons
  3 walking frostbound tomes
  A walking earthen tome (Depths:3)
  A walking divine tome (Depths:3)
  3 deep elf blademasters
  8 titans
  4 deep elf master archers (Elf:3)
  An ancient champion (Depths:4)
  2 sphinxes
  40 tentacled starspawn
  20 acid blobs
  6 death cobs
  A kraken (Shoals:3)
  Gastronok (D:11)
  Frances (D:14)
  4 tengu reavers
  3 Executioners (Abyss:4)
  Kirke (D:15)
  3 draconian monks
  Donald (Vaults:3)
  16 storm dragons
  16 shadow dragons
  8 nagarajas
  Ilsuiw (Shoals:3)
  The ghost of Sopaerr the Warrior, a journeyman MiBe of Trog (Snake:2)
  9 azure jellies (Slime:5)
  11 vault wardens
  10 fire giants
  6 deep elf sorcerers
  5 iron dragons
  9 rockslimes
  8 draconian knights
  6 frost giants
  4 spectral caustic shrikes (Depths:2)
  8 draconian scorchers
  A caustic shrike zombie (Abyss:4)
  4 balrugs
  3 draconian shifters
  5 draconian stormcallers (Zot:1)
  A deep elf elementalist (Elf:3)
  Aizul (Snake:1)
  A shard shrike simulacrum (Abyss:4)
  4 war gargoyles
  2 cacodemons
  2 orc warlords
  A spriggan defender (Depths:4)
  17 ironbound preservers
  A curse skull (Vaults:2)
  A reaper (Abyss:4)
  12 quicksilver oozes
  25 very ugly things
  14 stone giants
  5 draconian annihilators
  19 green draconians
  3 vampire knights
  6 ironbound thunderhulks
  10 white draconians
  7 deep elf annihilators
  A lorocyproca (Abyss:4)
  4 deep elf demonologists
  8 black draconians
  13 red draconians
  3 spark wasps
  13 yellow draconians
  9 purple draconians
  10 ettins
  7 dire elephants (Vaults:1)
  9 merfolk javelineers
  Snorg (Orc:2)
  3 crystal guardians
  A green death (Zot:1)
  4 fire dragons
  10 merfolk impalers
  3 blizzard demons
  7 deep elf high priests
  16 great orbs of eyes
  Josephine (D:11)
  10 deep elf death magi
  15 yaktaur captains
  15 rakshasas
  3 salamander tyrants (Snake:4)
  An entropy weaver (Vaults:3)
  32 vault guards
  A hell beast (Depths:4)
  6 merfolk avatars
  3 peacekeepers
  11 ice dragons
  6 spriggan air magi
  4 hydras
  A juggernaut simulacrum (Abyss:4)
  2 spriggan skeletons
  Erica (D:11)
  12 anacondas
  6 boulder beetles
  4 ogre magi (Vaults:5)
  12 ironbound frosthearts
  6 centaur warriors
  14 two-headed ogres
  A death knight (D:13)
  9 deep troll shamans
  2 catoblepae
  5 tengu warriors
  2 satyrs
  7 death yaks
  20 naga warriors
  11 naga sharpshooters
  3 merfolk aquamancers
  3 vampire magi
  20 dancing weapons
  23 hell knights
  Urug (D:11)
  8 deep troll earth magi
  5 shock serpents
  A spectral naga (Snake:2)
  2 spriggan berserkers
  2 orc high priests (Orc:2)
  29 thrashing horrors
  25 wretched stars
  A shock serpent (shapeshifter) (Vaults:5)
  3 soul eaters
  A skyshark (shapeshifter) (Abyss:4)
  18 deep elf knights
  17 sun demons
  4 skeletal warriors
  7 sixfirhies
  3 skysharks
  12 iron trolls
  A quicksilver dragon simulacrum (Depths:4)
  3 salamander mystics
  8 glowing orange brains
  3 orb spiders (Abyss:4)
  2 spatial maelstroms (Abyss:4)
  50 deep trolls
  3 shadow demons (Abyss:4)
  13 sea snakes
  12 lindwurms
  3 bog bodies (Shoals:4)
  8 naga ritualists
  4 flayed ghosts
  14 wizards
  18 ironbound convokers
  7 deep elf archers
  A lindwurm (shapeshifter) (Depths:4)
  12 necromancers
  10 orc knights
  A wolf spider zombie (D:15)
  16 harpies
  A bunyip skeleton (Abyss:1)
  20 deep elf zephyrmancers
  5 orc sorcerers
  A harpy (shapeshifter) (Vaults:1)
  6 phantasmal warriors
  A tengu skeleton (Vaults:4)
  174 starcursed masses
  19 manticores
  50 ugly things
  7 mana vipers
  7 shining eyes
  28 deep elf pyromancers
  5 cyclopes
  15 fauns
  2 will-o-the-wisps
  8 worldbinders
  A manticore (shapeshifter) (Depths:2)
  A dire elephant zombie (Abyss:4)
  21 salamanders
  24 elephants
  3 rust devils
  A stone giant skeleton (Abyss:4)
  2 moths of wrath (shapeshifter)
  2 ice statues
  26 black mambas
  Maurice (D:12)
  9 guardian serpents
  4 orange demons
  27 moths of wrath
  30 naga magi
  19 vault sentinels
  13 cane toads
  3 demonic crawlers (Abyss:4)
  7 water nymphs
  13 merfolk sirens
  A titan simulacrum (Abyss:4)
  A gargoyle (D:11)
  6 apocalypse crabs
  26 smoke demons
  6 eyes of devastation
  38 yaktaurs
  A torpor snail (Lair:4)
  7 efreet (Abyss:4)
  3 hellions (Abyss:4)
  72 large abominations
  4 centaur skeletons
  4 rime drakes
  5 freezing wraiths
  2 unseen horrors
  5 ice devils
  5 komodo dragons
  6 tormentors
  3 tengu conjurers
  An anaconda simulacrum (Snake:2)
  32 ancient zymes
  A red devil (Depths:2)
  3 hornets
  A yaktaur skeleton (Vaults:4)
  A meliai (shapeshifter) (Abyss:4)
  A silent spectre (Abyss:4)
  18 merfolk
  A queen bee (shapeshifter) (Abyss:4)
  13 trolls
  25 polar bears
  A polar bear (shapeshifter) (Vaults:5)
  11 wind drakes
  A hornet (shapeshifter) (D:13)
  2 tarantellas (shapeshifter)
  7 hellwings
  34 blink frogs
  A blink frog (shapeshifter) (Elf:3)
  79 raiju
  9 snapping turtles
  An ettin zombie (Abyss:4)
  A jumping spider (Vaults:3)
  5 shadows
  A spectral black mamba (Snake:2)
  30 flying skulls
  2 shock serpent simulacra (Snake:2)
  18 water elementals
  68 slime creatures
  A dire elephant simulacrum (Lair:4)
  2 centaur simulacra
  A spriggan (Depths:2)
  15 ynoxinuls
  16 wraiths
  2 vampires
  A wyvern (shapeshifter) (Abyss:4)
  4 wyverns
  60 yaks
  5 air elementals
  8 fire bats
  21 golden eyes
  A fire elemental (Elf:3)
  3 basilisks
  A hog (D:15)
  17 chaos spawn
  A steam dragon (D:9)
  8 vampire mosquitoes
  A redback (shapeshifter) (Abyss:3)
  68 nagas
  A death yak simulacrum (Orc:2)
  7 wargs
  A naga zombie (Abyss:4)
  16 neqoxecs
  2 acid dragons
  18 water moccasins
  2 floating eyes (shapeshifter)
  2 hydra simulacra (Zot:4)
  2 ice beasts
  3 sky beasts
  32 orc warriors
  14 ogres
  2 black bears
  66 wolves
  16 centaurs
  A boggart (D:13)
  A phantom (D:5)
  10 kobold brigands
  14 bullfrogs
  2 scorpions
  5 gnoll sergeants
  A cane toad simulacrum (Orc:2)
  A human zombie (Vaults:4)
  3 two-headed ogre simulacra
  3 earth elementals
  12 wights
  An elephant simulacrum (Orc:2)
  48 small abominations
  6 killer bees (D:11)
  4 vampire bats (Lair:2)
  6 electric eels
  8 howler monkeys
  2 crimson imps (Abyss:4)
  2 quasits
  2 jellies (D:8)
  17 orc priests
  10 hounds
  7 iron imps
  6 iguanas
  A sleepcap (D:6)
  26 orc wizards
  4 polar bear simulacra
  A boggart skeleton (D:13)
  A boggart simulacrum (D:15)
  19 gnolls
  17 adders
  7 naga simulacra
  4 white imps
  8 ufetubi
  2 worms (D:2)
  3 dart slugs
  73 orcs
  3 ball pythons
  10 bats
  7 endoplasms
  2 giant cockroaches (D:1)
  4 goblins
  8 hobgoblins
  3 jackals (D:3)
  9 kobolds
  4 quokkas
  6 frilled lizards
  4 rats
  3 lurking horrors (Abyss:4)
  10 starspawn tentacles
3161 creatures vanquished.

Vanquished Creatures (collateral kills)
  An ancient lich (Zot:5)
  3 Orb Guardians (Zot:5)
  2 shadow dragons (Zot:5)
  A draconian annihilator (Zot:5)
  A ghost moth (Zot:5)
  A white draconian (Zot:5)
  A purple draconian (Zot:5)
  A merfolk aquamancer (Shoals:4)
  2 moths of wrath (Zot:5)
13 creatures vanquished.

Vanquished Creatures (others)
  An ancient lich (Zot:5)
  A titan (Depths:4)
  An Orb Guardian (Zot:5)
  A quicksilver dragon (Zot:1)
  A draconian scorcher (Zot:5)
  A deep elf knight (Elf:2)
  A deep elf pyromancer (Elf:3)
  A deep elf zephyrmancer (Elf:3)
  A harpy (Vaults:1)
  A large abomination (Abyss:4)
  A moth of wrath (Zot:5)
  A harpy zombie (Abyss:4)
  A raiju (Abyss:4)
  A yak (Lair:4)
  A ynoxinul (Abyss:4)
  2 golden eyes (Abyss:4)
  4 small abominations (Abyss:4)
  An ogre (Vaults:5)
  A kobold brigand (Abyss:3)
  A starcursed mass (Abyss:4)
  An ufetubus (Abyss:4)
  An orc (Vaults:5)
  A quokka (Depths:1)
  A foxfire (Abyss:4)
  22 fungi
  6 lurking horrors
  106 plants
  66 starspawn tentacles
228 creatures vanquished.

Grand Total: 3402 creatures vanquished

Notes
Turn   | Place    | Note
-------+----------+-------------------------------------------
     0 | D:1      | grumposus the Octopode Transmuter began the quest for the
                  | Orb.
     0 | D:1      | Reached XP level 1. HP: 13/13 MP: 3/3
   123 | D:1      | Reached XP level 2. HP: 18/18 MP: 3/5
   126 | D:1      | Learned a level 2 spell: Wereblood
   775 | D:1      | Reached XP level 3. HP: 18/23 MP: 4/6
   795 | D:1      | Found Puphyd Tahu's Jewellery Shoppe.
  1364 | D:2      | Reached XP level 4. HP: 20/29 MP: 2/7
  1893 | D:3      | Found an opulent altar of Gozag.
  1925 | D:3      | Became a worshipper of Gozag Ym Sagoz the Greedy
  2001 | D:3      | Reached skill level 4 in Unarmed Combat
  2324 | D:3      | Reached XP level 5. HP: 34/34 MP: 4/8
  3273 | D:4      | Reached XP level 6. HP: 25/41 MP: 7/9
  3407 | D:4      | Found a broken altar of Ashenzari.
  3803 | D:4      | Reached skill level 5 in Unarmed Combat
  3918 | D:5      | Entered Level 5 of the Dungeon
  3987 | D:5      | Found a stormy altar of Qazlal.
  4079 | D:5      | Reached XP level 7. HP: 32/46 MP: 7/10
  4234 | D:5      | Found an ornate altar of the Wu Jian Council.
  5081 | D:5      | Noticed a spectral centipede
  5081 | D:5      | Noticed a spectral black mamba
  5081 | D:5      | Noticed a spectral cane toad
  5361 | D:1      | Bought a ring of willpower for 300 gold pieces
  5361 | D:1      | Bought a ring of see invisible for 180 gold pieces
  5631 | D:6      | Reached skill level 6 in Unarmed Combat
  5660 | D:6      | Reached XP level 8. HP: 54/54 MP: 9/11
  5911 | D:6      | Noticed a wraith
  5928 | D:6      | Killed a wraith
  5929 | D:6      | Reached skill level 7 in Unarmed Combat
  5963 | D:6      | Reached skill level 5 in Transmutations
  6190 | D:6      | Reached skill level 5 in Dodging
  6218 | D:6      | Found a shadowy altar of Dithmenos.
  6228 | D:6      | Found Felluakk's Weapon Shoppe.
  6498 | D:6      | Reached XP level 9. HP: 52/60 MP: 10/12
  6529 | D:6      | Reached skill level 5 in Fighting
  6911 | D:7      | Reached skill level 8 in Unarmed Combat
  6969 | D:7      | Found a staircase to the Ecumenical Temple.
  7155 | D:7      | HP: 3/61 [orc warrior/+0 trident (11)]
  7814 | D:1      | Bought a +6 ring of strength for 432 gold pieces
  8309 | D:7      | Reached skill level 9 in Unarmed Combat
  8763 | D:7      | Noticed a two-headed ogre
  9027 | D:8      | Reached XP level 10. HP: 68/68 MP: 10/13
  9116 | D:8      | Learned a level 4 spell: Ice Form
  9249 | D:8      | Noticed a two-headed ogre
  9272 | D:8      | Killed a two-headed ogre
  9273 | D:8      | Reached skill level 1 in Ice Magic
 10029 | D:8      | Identified the ring of Idaisivirphuf {AC+4 Str+6 Dex-5
                  | Slay+2}
 10191 | D:9      | Reached skill level 10 in Unarmed Combat
 10919 | D:1      | Bought a +6 ring of intelligence for 432 gold pieces
 11163 | D:9      | Noticed a two-headed ogre
 11171 | D:9      | Killed a two-headed ogre
 11472 | D:10     | Entered Level 10 of the Dungeon
 11501 | D:10     | Identified the +3 buckler "Owal" {-Cast +Blink Dex+4}
 11983 | D:10     | Reached XP level 11. HP: 69/75 MP: 11/14
 12313 | D:10     | Identified the +2 falchion of the Modern Friends {elec,
                  | Fragile rN+ SInv Stlth+}
 12347 | D:10     | Noticed a two-headed ogre
 12356 | D:10     | Killed a two-headed ogre
 12713 | D:11     | Reached skill level 11 in Unarmed Combat
 12944 | D:11     | Noticed Erica
 13417 | D:11     | Killed Erica
 14011 | D:11     | Found a staircase to the Lair.
 14245 | D:11     | Reached skill level 12 in Unarmed Combat
 14263 | D:11     | Noticed Josephine
 14275 | D:11     | Killed Josephine
 14276 | D:11     | Reached skill level 5 in Ice Magic
 14276 | D:11     | Reached XP level 12. HP: 84/84 MP: 11/15
 14375 | D:11     | Noticed Urug
 14394 | D:11     | Killed Urug
 14744 | D:11     | Noticed Gastronok
 15149 | D:7      | Killed a two-headed ogre
 15190 | D:7      | Identified the amulet "Zoedeoss" {Reflect Fragile Dex+6
                  | SH+5}
 15295 | D:7      | Identified the amulet of Zusuc {RegenMP +Inv Will- SInv}
 15304 | D:7      | Identified the ring "Gionipn" {rPois Will+ MP+9 Int-3
                  | Slay+3}
 15307 | D:7      | Identified the ring "Pifen" {MP+9 EV+5 Str+4}
 15474 | Lair:1   | Entered Level 1 of the Lair of Beasts
 15933 | Lair:1   | Reached skill level 13 in Unarmed Combat
 16455 | Lair:1   | Reached XP level 13. HP: 90/90 MP: 16/16
 17016 | Lair:2   | Found a staircase to the Snake Pit.
 17840 | Lair:3   | Noticed ShinQuickMan's ghost (journeyman HuCj)
 17840 | Lair:3   | Found a runed translucent gate.
 17840 | Lair:3   | Found a runed translucent gate.
 17840 | Lair:3   | Found a runed translucent gate.
 18229 | Lair:3   | Reached skill level 14 in Unarmed Combat
 18329 | Lair:3   | Reached skill level 10 in Transmutations
 18443 | Lair:3   | Reached skill level 10 in Dodging
 18708 | Lair:3   | Found a staircase to the Shoals.
 18989 | Lair:3   | Reached skill level 10 in Fighting
 19421 | Lair:4   | Reached XP level 14. HP: 99/99 MP: 17/17
 19473 | Lair:4   | Learned a level 3 spell: Frozen Ramparts
 20034 | Lair:4   | Reached skill level 15 in Unarmed Combat
 20085 | Lair:4   | Identified the ring of Discretion {rF- rC++ rN+ Int+2
                  | Dex+2}
 20101 | Lair:4   | Got the Anthology of Refrigeration
 20704 | Lair:5   | Entered Level 5 of the Lair of Beasts
 21262 | Lair:5   | Found a viscous altar of Jiyva.
 21267 | Lair:5   | Found a staircase to the Slime Pits.
 21467 | Lair:5   | Identified the +4 trident of Pyromania {antimagic, Int+10}
 21472 | Lair:5   | Identified the +6 plate armour of the Sun {Int+2}
 21556 | Lair:5   | Reached skill level 1 in Evocations
 22333 | D:12     | Reached skill level 16 in Unarmed Combat
 22335 | D:12     | Reached XP level 15. HP: 107/107 MP: 18/18
 22356 | D:12     | Found Plog's Jewellery Shoppe.
 22381 | D:12     | Bought the ring "Wohesoeh" {rF+ rN+ rCorr SInv} for 543
                  | gold pieces
 22383 | D:12     | Bought the ring of Nysici {rN++ Str+3 Dex-3 Slay+4} for
                  | 1337 gold pieces
 22393 | D:12     | Bought the ring "Dyuki" {rF+ Will+ Str+5 Int-5 Stlth+} for
                  | 585 gold pieces
 22527 | D:12     | Found a staircase to the Orcish Mines.
 22746 | D:12     | Noticed Maurice
 22753 | D:12     | Killed Maurice
 23362 | Orc:1    | Entered Level 1 of the Orcish Mines
 23893 | Orc:2    | Entered Level 2 of the Orcish Mines
 23910 | Orc:2    | Found a burning altar of Makhleb.
 24038 | Orc:2    | Found a frozen archway.
 24070 | Orc:2    | Noticed an orc warlord
 24090 | Orc:2    | Killed an orc warlord
 24133 | IceCv    | Entered an ice cave
 24698 | IceCv    | Got the Tome of Too Many Cooks
 24707 | IceCv    | Identified the staff of death "Dyodir" {rN+ Str+8 Int-3
                  | SInv}
 24978 | IceCv    | Reached skill level 5 in Evocations
 25135 | IceCv    | Identified the +5 cloak "Jyanit" {Fly rF+ Dex+2 SInv}
 25276 | Orc:2    | Reached skill level 17 in Unarmed Combat
 25285 | Orc:2    | Found Jecsagyn's General Store.
 25301 | Orc:2    | Found Qyjek's Jewellery Shop.
 25334 | Orc:2    | Found Qug Dioll's Antique Weapon Shop.
 25337 | Orc:2    | Found Uklune's Antique Armour Shop.
 25455 | Orc:2    | Found Hairuq Pymeq's Armour Shoppe.
 25463 | Orc:2    | Bought a +0 hat for 56 gold pieces
 25600 | Orc:2    | Found a staircase to the Elven Halls.
 25634 | Orc:2    | Noticed Snorg
 25663 | Orc:2    | Killed Snorg
 26383 | D:12     | Bought a scroll of fear for 88 gold pieces
 26383 | D:12     | Bought a potion of lignification for 66 gold pieces
 26383 | D:12     | Bought a potion of might for 88 gold pieces
 26424 | D:13     | Reached XP level 16. HP: 114/114 MP: 19/19
 26491 | D:13     | Noticed a sphinx
 26492 | D:13     | Noticed Jynaviopo's ghost (journeyman GrFi)
 26493 | D:13     | Noticed a storm dragon
 26499 | D:13     | Found a transporter.
 26561 | D:13     | Noticed a tengu reaver
 26563 | D:13     | Noticed a storm dragon
 26786 | D:13     | Found a transporter.
 26840 | D:13     | Identified the staff of death "Tidill" {rN+ MP+9}
 26879 | D:13     | Killed a storm dragon
 26930 | D:13     | Killed a tengu reaver
 27453 | D:13     | Learned a level 6 spell: Statue Form
 27464 | D:13     | Found a gate to the Vaults.
 28181 | D:14     | Noticed Frances
 28193 | D:14     | Killed Frances
 28194 | D:14     | Reached skill level 1 in Earth Magic
 28802 | D:15     | Entered Level 15 of the Dungeon
 29767 | D:15     | Found a staircase to the Depths.
 29996 | D:15     | Noticed Kirke
 30007 | D:15     | Killed Kirke
 30386 | D:11     | Found a staircase to the Lair.
 30554 | D:11     | Killed Gastronok
 30555 | D:11     | Reached skill level 18 in Unarmed Combat
 31042 | Shoals:1 | Entered Level 1 of the Shoals
 31320 | Shoals:1 | Found Ifouqu's One-of-a-Kind Rings.
 31454 | Shoals:1 | Bought a +9 ring of intelligence for 1482 gold pieces
 31915 | Shoals:1 | Found Xiotwom's Weapon Shop.
 32539 | Shoals:2 | Reached XP level 17. HP: 122/122 MP: 22/22
 33049 | Shoals:2 | Found Jinacami's Distillery.
 33234 | Shoals:2 | Reached skill level 5 in Earth Magic
 34197 | Shoals:3 | Found the brooch of Shielding {Spirit SH+8}
 34709 | Shoals:3 | Reached skill level 5 in Spellcasting
 34960 | Shoals:3 | Noticed a kraken
 34974 | Shoals:3 | Killed a kraken
 35159 | Shoals:4 | Entered Level 4 of the Shoals
 36699 | Shoals:4 | Noticed Ilsuiw
 36715 | Shoals:3 | Killed Ilsuiw
 38175 | Shoals:4 | Got a barnacled rune of Zot
 38354 | Shoals:4 | Reached XP level 18. HP: 99/129 MP: 27/27
 38707 | Shoals:4 | Reached skill level 19 in Unarmed Combat
 38871 | Snake:1  | Entered Level 1 of the Snake Pit
 38916 | Snake:1  | Noticed Aizul
 39210 | Snake:1  | Killed Aizul
 40590 | Snake:2  | Found a runed translucent gate.
 40592 | Snake:2  | Found a runed translucent gate.
 40593 | Snake:2  | Found a runed translucent gate.
 40594 | Snake:2  | Noticed Sopaerr's ghost (journeyman MiBe)
 40845 | Snake:2  | Killed Sopaerr's ghost
 42378 | Snake:3  | Reached XP level 19. HP: 136/136 MP: 28/28
 43096 | Snake:3  | Learned a level 7 spell: Dragon Form
 43130 | Snake:4  | Entered Level 4 of the Snake Pit
 43141 | Snake:4  | Reached skill level 10 in Earth Magic
 43186 | Snake:4  | Reached skill level 20 in Unarmed Combat
 43671 | Snake:4  | Reached skill level 1 in Shields
 43925 | Shoals:1 | Bought the ring of Hepliaklqana's Hatred {rElec rPois rC+++
                  | Stlth+} for 1364 gold pieces
 44635 | Snake:4  | Got a serpentine rune of Zot
 44885 | Vaults:1 | Entered Level 1 of the Vaults
 45374 | Vaults:1 | Reached XP level 20. HP: 144/144 MP: 29/29
 45668 | Vaults:1 | Reached skill level 5 in Shields
 46078 | Vaults:1 | Identified the +1 plate armour "Gatuheh" {rF- Str+4 Dex+3}
 46233 | Vaults:1 | Reached skill level 15 in Fighting
 46461 | Vaults:1 | Found a gateway to a bazaar.
 46476 | Bazaar   | Entered a bazaar
 46476 | Bazaar   | Found Tithranwe's Distillery.
 46483 | Bazaar   | Bought a potion of ambrosia for 96 gold pieces
 46483 | Bazaar   | Bought a potion of might for 48 gold pieces
 46483 | Bazaar   | Bought a potion of mutation for 96 gold pieces
 46483 | Bazaar   | Bought a potion of heal wounds for 60 gold pieces
 46483 | Bazaar   | Bought a potion of heal wounds for 60 gold pieces
 46483 | Bazaar   | Bought a potion of curing for 36 gold pieces
 46483 | Bazaar   | Bought a potion of might for 48 gold pieces
 46483 | Bazaar   | Bought a potion of mutation for 96 gold pieces
 46483 | Bazaar   | Bought a potion of cancellation for 96 gold pieces
 46501 | Bazaar   | Found Guqugerch's Antique Armour Shop.
 46521 | Bazaar   | Found Qukuthann's Antique Weapon Shop.
 46597 | Vaults:2 | Found Niawnuor's Assorted Antiques.
 46604 | Vaults:2 | Bought a potion of heal wounds for 180 gold pieces
 46942 | Vaults:2 | Found Edwoff's Assorted Antiques.
 46953 | Vaults:2 | Bought a potion of might for 96 gold pieces
 47407 | Vaults:2 | Reached skill level 21 in Unarmed Combat
 47642 | Vaults:2 | Found a staircase to the Crypt.
 48630 | Vaults:3 | Noticed Donald
 48635 | Vaults:3 | Killed Donald
 49120 | Vaults:3 | Noticed Margery
 49127 | Vaults:3 | Killed Margery
 49128 | Vaults:3 | Reached XP level 21. HP: 151/151 MP: 30/30
 49565 | Vaults:4 | Reached skill level 15 in Transmutations
 49951 | Vaults:4 | Found Anion's Magic Scroll Emporium.
 50735 | Depths:1 | Entered Level 1 of the Depths
 51156 | Depths:1 | Found a gateway to Hell.
 51537 | Depths:1 | Found a white marble altar of Elyvilon.
 51915 | Depths:2 | Found Sijut's Antique Weapon Emporium.
 51995 | Depths:2 | Reached skill level 22 in Unarmed Combat
 51997 | Depths:2 | Reached skill level 10 in Shields
 52323 | Depths:2 | Reached XP level 22. HP: 159/159 MP: 31/31
 52402 | Depths:2 | Found a one-way gate leading to the halls of Pandemonium.
 52790 | Depths:2 | Noticed Bai Suzhen
 52798 | Depths:2 | Killed Bai Suzhen
 52969 | Depths:2 | Noticed a juggernaut
 52970 | Depths:2 | Noticed a golden dragon
 52973 | Depths:2 | Noticed a caustic shrike
 52973 | Depths:2 | Killed a juggernaut
 52976 | Depths:2 | Killed a caustic shrike
 52984 | Depths:2 | Killed a golden dragon
 53001 | Depths:2 | Paralysed by a floating eye for 4 turns
 53306 | Depths:2 | Found a one-way gateway to a ziggurat.
 54083 | Depths:3 | Reached skill level 15 in Earth Magic
 54543 | Depths:3 | Found a hazy altar of Hepliaklqana.
 54767 | Depths:3 | Found the +5 glaive of the Guard {elec, spectral, AC+5}
 54886 | Depths:3 | Found a one-way gate to the infinite horrors of the Abyss.
 55483 | Depths:3 | Reached XP level 23. HP: 166/166 MP: 32/32
 55621 | Depths:4 | Entered Level 4 of the Depths
 55815 | Depths:4 | Found Povim's Jewellery Shoppe.
 55816 | Depths:4 | Found Satask's Book Shop.
 55817 | Depths:4 | Found Furag's Jewellery Shoppe.
 55868 | Depths:4 | Reached skill level 23 in Unarmed Combat
 55947 | Depths:4 | Identified the +4 falchion of Pain and Death {drain, Dex+2}
 55969 | Depths:4 | Noticed a caustic shrike
 55973 | Depths:4 | Killed a caustic shrike
 56049 | Depths:4 | Noticed a caustic shrike
 56053 | Depths:4 | Killed a caustic shrike
 56301 | Depths:4 | Found a gate to the Realm of Zot.
 56797 | Depths:4 | Found a hide-covered altar of Uskayaw.
 57054 | Elf:1    | Entered Level 1 of the Elven Halls
 57586 | Elf:1    | Found Roros's Weapon Shoppe.
 59058 | Elf:2    | Got the Secrets of Calescent Haze
 59068 | Elf:2    | Paralysed by an air elemental for 1 turns
 59141 | Elf:2    | Identified the ring of Goadacracho {rF+ AC+4}
 59168 | Elf:2    | Found a runed translucent gate.
 59168 | Elf:2    | Found a runed translucent gate.
 59168 | Elf:2    | Found a runed translucent gate.
 59419 | Elf:2    | Identified the +0 pair of gloves of True Grit {Contam +Inv
                  | rPois rF+}
 59419 | Elf:2    | Noticed Nikola
 59428 | Elf:2    | Killed Nikola
 59441 | Elf:2    | Reached XP level 24. HP: 175/175 MP: 32/32
 59872 | Elf:3    | Entered Level 3 of the Elven Halls
 60155 | Elf:3    | Reached skill level 24 in Unarmed Combat
 60325 | Elf:3    | Identified the +8 flail of Malaise {venom, Str+2}
 60326 | Elf:3    | Identified the ring "Ciheed" {Fly rN+ Will+ Dex+5}
 60329 | Elf:3    | Paralysed by a floating eye for 2 turns
 60495 | Elf:3    | Identified the ring of Uwkouc {MP+9 Dex+2 SInv}
 60506 | Elf:3    | Identified the amulet of Brilliance {rElec rF- Regen+
                  | Str+3}
 60509 | Elf:3    | Identified the +3 morningstar "Neloej" {holy, Dex+4}
 60530 | Elf:3    | Identified the +4 dagger "Giaxad" {holy, rElec Int+3}
 60557 | Elf:3    | Reached XP level 25. HP: 181/181 MP: 32/32
 61050 | Vaults:5 | Entered Level 5 of the Vaults
 61055 | Vaults:5 | Reached skill level 15 in Shields
 61106 | Vaults:5 | Identified the +8 war axe "Qehasos" {flame, rCorr Str-2
                  | Int+2 Dex+4}
 61110 | Vaults:5 | Noticed Xtahua
 61190 | Vaults:5 | Killed Xtahua
 61197 | Vaults:5 | Reached skill level 1 in Stealth
 61347 | Vaults:5 | Noticed an ancient lich
 61356 | Vaults:5 | Killed an ancient lich
 61371 | Vaults:5 | Noticed an ancient lich
 61376 | Vaults:5 | Killed an ancient lich
 61581 | Vaults:5 | Noticed an ancient lich
 61591 | Vaults:5 | Killed an ancient lich
 61599 | Vaults:5 | Reached XP level 26. HP: 189/189 MP: 32/32
 61610 | Vaults:5 | Identified the +5 arbalest of Qunolil {penet, rF+ Will+}
 61610 | Vaults:5 | Identified the +7 plate armour of Apathy {rCorr MP+9}
 61917 | Vaults:5 | Identified the staff of poison "Ivireh" {rElec rPois rF+}
 61919 | Vaults:5 | Got a silver rune of Zot
 61975 | Vaults:5 | Identified the ring of Zamyus {Fire Str+2 Int+2}
 62012 | Vaults:5 | Identified the +7 rapier of the Crawling Thing {heavy,
                  | Will+ Dex+2}
 62153 | Vaults:5 | Reached skill level 25 in Unarmed Combat
 62171 | Vaults:5 | Reached skill level 5 in Stealth
 62572 | Vaults:5 | Noticed a dread lich
 62578 | Vaults:5 | Killed a dread lich
 62635 | Vaults:5 | Identified the staff of air "Agio" {rElec Str-5 Int-3 Dex+7
                  | Stlth+}
 62793 | Vaults:5 | Reached skill level 15 in Dodging
 63202 | Zot:1    | Entered Level 1 of the Realm of Zot
 63208 | Zot:1    | Noticed an orb of fire
 63214 | Zot:1    | Gained mutation: Your magical capacity is low. (-10% MP)
                  | [an orb of fire]
 63217 | Zot:1    | Killed an orb of fire
 63352 | Zot:1    | Reached skill level 10 in Evocations
 63622 | Zot:1    | Noticed an orb of fire
 63627 | Zot:1    | Gained mutation: You are partially covered in iridescent
                  | scales. (AC +2) [an orb of fire]
 63634 | Zot:1    | Gained mutation: You occasionally lose the ability to drink
                  | potions when taking damage. [an orb of fire]
 63639 | Zot:1    | Killed an orb of fire
 64175 | Zot:1    | Found a runed translucent gate.
 64175 | Zot:1    | Found a runed translucent gate.
 64175 | Zot:1    | Found a runed translucent gate.
 64176 | Zot:1    | Found an opulent altar of Gozag.
 64177 | Zot:1    | Noticed Xapeig's ghost (legendary GrAr)
 64310 | Zot:1    | Found Sacluon's Assorted Antiques.
 66112 | Zot:3    | Reached XP level 27. HP: 198/198 MP: 28/28
 66213 | Zot:3    | Identified a scroll of acquirement
 66226 | Zot:3    | Acquired the +8 tower shield of the Great Game {MP-9 Int+6
                  | SInv}
 66412 | Zot:3    | Found the +4 dragonskin cloak
 66412 | Zot:3    | Noticed Tiamat
 66443 | Zot:3    | Killed Tiamat
 66595 | Zot:3    | Identified the +7 arbalest of the Special Mystics {elec,
                  | Will+}
 67053 | Zot:4    | Reached skill level 26 in Unarmed Combat
 67518 | Zot:4    | Noticed an orb of fire
 67519 | Zot:4    | Gained mutation: You are occasionally teleported next to
                  | monsters. [an orb of fire]
 67521 | Zot:4    | Gained mutation: You sometimes lose your temper in combat.
                  | [an orb of fire]
 67524 | Zot:4    | Killed an orb of fire
 67744 | Zot:5    | Entered Level 5 of the Realm of Zot
 67967 | Zot:5    | Noticed an orb of fire
 67978 | Zot:5    | Killed an orb of fire
 68050 | Zot:5    | Noticed an orb of fire
 68053 | Zot:5    | Noticed an ancient lich
 68055 | Zot:5    | Noticed an ancient lich
 68055 | Zot:5    | Noticed an orb of fire
 68055 | Zot:5    | Noticed a dread lich
 68056 | Zot:5    | Noticed an ancient lich
 68057 | Zot:5    | Killed a dread lich
 68073 | Zot:5    | Noticed an orb of fire
 68081 | Zot:5    | Gained mutation: You are vulnerable to cold. (rC-) [an orb
                  | of fire]
 68084 | Zot:5    | Gained mutation: You have an uncontrollable temper. [an orb
                  | of fire]
 68085 | Zot:5    | Killed an orb of fire
 68096 | Zot:5    | Noticed a dread lich
 68103 | Zot:5    | Killed an ancient lich
 68108 | Zot:5    | HP: 5/258 [Orb Guardian (25)]
 68126 | Zot:5    | Gained mutation: You occasionally lose the ability to read
                  | scrolls when taking damage. [an orb of fire]
 68385 | Zot:4    | Lost mutation: You occasionally lose the ability to read
                  | scrolls when taking damage. [potion of mutation]
 68385 | Zot:4    | Lost mutation: You are occasionally teleported next to
                  | monsters. [potion of mutation]
 68385 | Zot:4    | Lost mutation: You have an uncontrollable temper. [potion
                  | of mutation]
 68385 | Zot:4    | Gained mutation: One of your tentacles bears a spike.
                  | [potion of mutation]
 68386 | Zot:4    | Lost mutation: Your magical capacity is low. (-10% MP)
                  | [potion of mutation]
 68386 | Zot:4    | Lost mutation: You are vulnerable to cold. (rC-) [potion of
                  | mutation]
 68386 | Zot:4    | Lost mutation: One of your tentacles bears a spike. [potion
                  | of mutation]
 68386 | Zot:4    | Gained mutation: You are dopey. (Int -2) [potion of
                  | mutation]
 68387 | Zot:4    | Lost mutation: You sometimes lose your temper in combat.
                  | [potion of mutation]
 68387 | Zot:4    | Lost mutation: You occasionally lose the ability to drink
                  | potions when taking damage. [potion of mutation]
 68387 | Zot:4    | Lost mutation: You are partially covered in iridescent
                  | scales. (AC +2) [potion of mutation]
 68387 | Zot:4    | Gained mutation: You are weak. (Str -2) [potion of
                  | mutation]
 68387 | Zot:4    | Gained mutation: A frigid envelope surrounds you and
                  | freezes all who hurt you. [potion of mutation]
 68387 | Zot:4    | Gained mutation: You occasionally shout uncontrollably at
                  | your foes. [potion of mutation]
 68387 | Zot:4    | Gained mutation: One of your tentacles bears a spike.
                  | [potion of mutation]
 68388 | Zot:4    | Lost mutation: You are dopey. (Int -2) [potion of mutation]
 68388 | Zot:4    | Lost mutation: You occasionally shout uncontrollably at
                  | your foes. [potion of mutation]
 68388 | Zot:4    | Gained mutation: You are clumsy. (Dex -2) [potion of
                  | mutation]
 68388 | Zot:4    | Gained mutation: You have hidden genetic potential. [potion
                  | of mutation]
 68388 | Zot:4    | Gained mutation: Your mind is acute. (Int +4, Str/Dex -1)
                  | [potion of mutation]
 68490 | Zot:5    | Gained mutation: Your magical capacity is low. (-10% MP)
                  | [an orb of fire]
 68497 | Zot:5    | Killed an orb of fire
 68562 | Zot:5    | Killed an orb of fire
 68562 | Zot:5    | Noticed an ancient lich
 68653 | Zot:5    | Killed an ancient lich
 68654 | Zot:5    | Reached skill level 27 in Unarmed Combat
 68665 | Zot:5    | Killed a dread lich
 68668 | Zot:5    | Killed an ancient lich
 68957 | Zot:5    | Noticed a dread lich
 68964 | Zot:5    | Killed a dread lich
 69622 | Slime:1  | Entered Level 1 of the Pits of Slime
 70175 | Slime:2  | Found a viscous altar of Jiyva.
 70258 | Slime:2  | Gained mutation: Your magical capacity is very low. (-20%
                  | MP) [a shining eye]
 71089 | Slime:4  | Gained mutation: You are frail. (-10% HP) [a shining eye]
 71362 | Slime:5  | Entered Level 5 of the Pits of Slime
 71472 | Slime:5  | Noticed the Royal Jelly
 71488 | Slime:5  | Killed the Royal Jelly
 71684 | Slime:5  | Found the +6 arbalest "Damnation" {damnation}
 71724 | Slime:5  | Got Ymissaca's Discourse on Arcane Weapons
 71761 | Slime:5  | Got a slimy rune of Zot
 71773 | Slime:5  | Identified the staff of conjuration "Qetra" {Int+3 Dex+3
                  | Stlth+}
 71791 | Slime:5  | Identified the staff of fire "Tenygug" {rElec rF+ Dex+2
                  | Stlth-}
 71953 | Slime:5  | Gained mutation: Potions are less effective at restoring
                  | your health. [a shining eye]
 71968 | Slime:5  | Gained mutation: Your system is resistant to poisons.
                  | (rPois) [hidden potential]
 71980 | Slime:5  | Gained mutation: You are occasionally teleported next to
                  | monsters. [a shining eye]
 72177 | Slime:5  | Lost mutation: You are frail. (-10% HP) [potion of
                  | mutation]
 72177 | Slime:5  | Lost mutation: Your system is resistant to poisons. (rPois)
                  | [potion of mutation]
 72177 | Slime:5  | Gained mutation: You are partially covered in large bone
                  | plates. (SH +4) [potion of mutation]
 72178 | Slime:5  | Lost mutation: You are partially covered in large bone
                  | plates. (SH +4) [potion of mutation]
 72178 | Slime:5  | Lost mutation: Your magical capacity is very low. (-20% MP)
                  | [potion of mutation]
 72178 | Slime:5  | Lost mutation: Potions are less effective at restoring your
                  | health. [potion of mutation]
 72178 | Slime:5  | Lost mutation: Your magical capacity is low. (-10% MP)
                  | [potion of mutation]
 72178 | Slime:5  | Lost mutation: You are occasionally teleported next to
                  | monsters. [potion of mutation]
 72636 | Depths:3 | Voluntarily entered the Abyss.
 72663 | Abyss:1  | Gained mutation: You are frail. (-10% HP) [a neqoxec]
 72665 | Abyss:1  | Gained mutation: You are very frail. (-20% HP) [a neqoxec]
 72803 | Abyss:1  | Reached skill level 1 in Throwing
 72847 | Abyss:1  | Gained mutation: You occasionally lose the ability to read
                  | scrolls when taking damage. [a neqoxec]
 73062 | Abyss:3  | Found a corrupted altar of Lugonu.
 73067 | Abyss:3  | Found a corrupted altar of Lugonu.
 73213 | Abyss:3  | Found a corrupted altar of Lugonu.
 73489 | Abyss:4  | Noticed a dread lich
 73493 | Abyss:4  | Killed a dread lich
 73626 | Abyss:4  | Lost mutation: Your mind is acute. (Int +4, Str/Dex -1) [a
                  | neqoxec]
 73645 | Abyss:4  | Reached skill level 5 in Throwing
 74120 | Abyss:4  | Paralysed by accursed screaming for 1 turns
 74125 | Abyss:4  | Paralysed by accursed screaming for 1 turns
 74145 | Abyss:4  | Gained mutation: Your flesh is cold resistant. (rC+)
                  | [hidden potential]
 74145 | Abyss:4  | Lost mutation: You have hidden genetic potential. [hidden
                  | potential expressed]
 74207 | Abyss:4  | Paralysed by accursed screaming for 1 turns
 74251 | Abyss:4  | Paralysed by accursed screaming for 1 turns
 74309 | Abyss:4  | Paralysed by accursed screaming for 1 turns
 74324 | Abyss:4  | Paralysed by accursed screaming for 2 turns
 74349 | Abyss:4  | Paralysed by accursed screaming for 1 turns
 74354 | Abyss:4  | Paralysed by accursed screaming for 2 turns
 74425 | Abyss:4  | Reached skill level 10 in Throwing
 74610 | Abyss:4  | Paralysed by accursed screaming for 2 turns
 74660 | Abyss:4  | Paralysed by accursed screaming for 2 turns
 74963 | Abyss:4  | Found a corrupted altar of Lugonu.
 74991 | Abyss:4  | Got an abyssal rune of Zot
 75044 | Depths:3 | Escaped the Abyss
 75180 | Depths:3 | Lost mutation: You are very frail. (-20% HP) [potion of
                  | mutation]
 75180 | Depths:3 | Lost mutation: A frigid envelope surrounds you and freezes
                  | all who hurt you. [potion of mutation]
 75180 | Depths:3 | Gained mutation: You are very weak. (Str -4) [potion of
                  | mutation]
 75180 | Depths:3 | Gained mutation: You expend magic power (3 MP) to
                  | strengthen your wands. [potion of mutation]
 75181 | Depths:3 | Lost mutation: Your flesh is cold resistant. (rC+) [potion
                  | of mutation]
 75181 | Depths:3 | Lost mutation: You occasionally lose the ability to read
                  | scrolls when taking damage. [potion of mutation]
 75181 | Depths:3 | Lost mutation: You are frail. (-10% HP) [potion of
                  | mutation]
 75181 | Depths:3 | Lost mutation: You are clumsy. (Dex -2) [potion of
                  | mutation]
 75181 | Depths:3 | Gained mutation: Potions are less effective at restoring
                  | your health. [potion of mutation]
 75181 | Depths:3 | Lost mutation: You are very weak. (Str -4) [potion of
                  | mutation]
 75360 | Zot:5    | Got the Orb of Zot
 75690 | D:11     | Noticed Muosiofe the pandemonium lord
 75895 | D:$      | Escaped with the Orb!

Illustrated notes

Levels and vault maps discovered:
D:1:      elethiomel_arrival_shortcut, layout_basic, serial_shops, shop,
          minmay_misc_feat_x
D:2:      layout_basic
D:3:      layout_loops_cross, grunt_gozag_statues, kennysheep_generic_room_3
D:4:      layout_loops_ring, overflow_temple_1_default, st_stairs_9
D:5:      layout_loops_corners, pdpol_wu_jian_five_deadly_venoms,
          mainiacjoe_overflow_concentric_impassable, minmay_misc_feat_columns,
          minmay_misc_feat_room
D:6:      minmay_razor_zed, layout_loops_ring,
          grunt_dithmenos_smoke_and_mirrors, serial_shops,
          nicolae_shop_hallway_plus, minmay_misc_feat_four_crosses,
          minmay_misc_feat_iff, minmay_misc_feat_roman, reono_crystal_passage
D:7:      minmay_the_grid_triangle_9x9_rhombus_thin
          [minmay_the_grid_triangle_9x9_odd_lines,
          minmay_the_grid_triangle_9x9_prize_special,
          minmay_the_grid_triangle_9x9_sparse_checkered,
          minmay_the_grid_triangle_9x9_checkered], layout_loops_ring,
          minmay_temple_entry_tees
D:8:      layout_basic
D:9:      layout_cave_pools, minmay_statues_item, dreamdust_mushroom_princess
D:10:     layout_grid_maze
D:11:     layout_grid_maze, erik_lair_island, serial_bayou_crossing,
          uniq_gastronok, uniq_josephine, uniq_erica, uniq_urug
D:12:     layout_basic, kennysheep_orc_monster_closet_entryway, serial_shops,
          nicolae_diamond_shop, uniq_maurice
D:13:     layout_irregular_city, hangedman_vaults_entry_quadrant_bands,
          gammafunk_ghost_arena, minmay_radiant
D:14:     layout_basic, moated_statue, uniq_frances
D:15:     grunt_enter_depths_magical_seal, layout_stronghold,
          nicolae_figureground_sparkle, uniq_kirke
Lair:1:   layout_roguey, chequers_serial_rivers_small_a, serial_bayou_shore_a
Lair:2:   layout_small_grid, minmay_snake_entry_guardpost_small,
          roderic_batcave, grunt_forest_small_clearing_treed,
          serial_bayou_shore_b
Lair:3:   layout_small_grid, minmay_shoals_entry_lonely_mermaid,
          gammafunk_ghost_split
Lair:4:   dreamdust_isle_of_ice, layout_cave_pods, grunt_forest_large_clearings
Lair:5:   gammafunk_lair_ancient_temple, layout_gridlike, slime_entry_1
Shoals:1: layout_shoals, serial_shops, nicolae_lakefront_shop,
          nicolae_shop_unique_rings, nicolae_shoals_loop_pool
Shoals:2: layout_shoals, serial_shops, nicolae_diamond_shop
Shoals:3: layout_shoals, nicolae_shoals_land_atoll
Shoals:4: shoals_end_simple, layout_shoals, shoals_ilsuiw_ice,
          nicolae_shoals_secluded_bog
Snake:1:  layout_basic, lemuel_fruit_tree, uniq_aizul
Snake:2:  layout_rooms, gammafunk_ghost_necromancy, grunt_megastairs_3
Snake:3:  layout_cave_shapes, hangedman_corner_corridor
Snake:4:  minmay_snake_end_coiled, layout_chambers, nicolae_snake_dead_anacondas
Slime:1:  layout_caves, cheibrodos_slime_lost_civilization_4
Slime:2:  layout_caves, basic_altar
Slime:3:  layout_caves, cheibrodos_slime_lost_civilization_6
Slime:4:  layout_caves
Slime:5
Orc:1:    layout_diamond_mine, basic_altar, mines1_david
Orc:2:    grunt_orc_cross, layout_caves, basic_altar,
          portal_ice_cave_entry_ice_simulacra, serial_shops, shop, uniq_snorg
Elf:1:    layout_onion_city, serial_shops, nicolae_shop_bloodbath_and_beyond,
          hellmonk_bongcloud_opening
Elf:2:    elven_hall_of_blades_hangedman_original [nooodl_blade_entry_preview],
          layout_geoelf_diagonals, uniq_nikola
Elf:3:    minmay_elf_hall_circle, layout_geoelf_octagon,
          amcnicky_mini_pool_small
Vaults:1: nicolae_vaults_circle_grid_b, ontoclasm_vaults_chip, v_pattern_4,
          st_eye, vaults_room_door_hall, nicolae_vaults_ninety_degrees,
          nicolae_vaults_little_squares_2, nicolae_vaults_circle_grid_b,
          ontoclasm_vaults_chip, ontoclasm_vaults_ring_large, vaults_mumra_lcd,
          nicolae_vaults_little_ls, vaults_room_pools, vaults_room_door_hall,
          nicolae_vaults_specimen_jars, vaults_dpeg_cross, layout_vaults_ring,
          serial_shops, bzr_entry_islet
Vaults:2: vaults_standard_mumra_lines, minmay_crypt_entry_simple_statues,
          vaults_dpeg_ring, nicolae_vaults_little_squares_2,
          nicolae_vaults_asterisk, nicolae_vaults_yaktaur_gun_rack,
          layout_vaults_omnigrid, serial_shops, nicolae_shop_overgrown_old_shop,
          nicolae_shop_trees
Vaults:3: nicolae_vaults_puzzle_piece, nicolae_vaults_twisting_passages,
          hangedman_vaults_nails, hangedman_vaults_nails,
          hangedman_vaults_snaps, vaults_room_pools,
          nicolae_vaults_mini_display_case, layout_vaults_chaotic_city,
          uniq_donald, uniq_margery
Vaults:4: v_misc_13, vaults_room_grid, nicolae_vaults_network_periphery,
          nicolae_vaults_little_squares_5, nicolae_vaults_ring_of_whatevers,
          ontoclasm_vaults_loading_screen, grunt_vaults_trifunnel,
          dpeg_vaults_monster_box, v_misc_13, nicolae_vaults_little_squares_3,
          vaults_mumra_hexcomb, vaults_dpeg_spiral,
          vaults_mumra_minichess_inversion, grunt_vaults_hallway_short,
          layout_vaults_omnicross, serial_shops, nicolae_shop_waterfront
Vaults:5: serial_shops, uniq_xtahua
Depths:1: nzn_winding_woodlands_medium [nzn_winding_woodlands_hourglass,
          nzn_winding_woodlands_5x15_river_crossing,
          nzn_winding_woodlands_5x5_default, nzn_winding_woodlands_5x5_default,
          nzn_winding_woodlands_center_garden,
          nzn_winding_woodlands_5x5_open_star,
          nzn_winding_woodlands_5x5_checkerboard,
          nzn_winding_woodlands_5x15_pool, nzn_winding_woodlands_5x5_default],
          layout_cave_pools, hell_entry, corexii_corridor_pit, elyvilon_altar_4
Depths:2: cheibrodos_leafed_vault, layout_basic, enter_ziggurat_f,
          grunt_pan_entry_sceptre, serial_shops, nicolae_shop_stone,
          pf_hell_entry_tar_river, minmay_misc_feat_rows,
          infiniplex_staircase_pool_2, uniq_bai_suzhen
Depths:3: minmay_guarded_unrand_guard, layout_gridlike, abyss_entry,
          rand_demon_pan_entry_1, nicolae_hepliaklqana_hazy_memory,
          pf_vacation_house_of_asmodeus
Depths:4: grunt_x_marks_the_spot, layout_cave_pools, nicolae_uskayaw_dance_hall,
          grunt_mini_vestibule, minmay_evil_grid, minmay_shop_grove
Zot:1:    layout_cathedral_of_symmetry, ebering_ghost_gozag,
          hangedman_swamp_dais, grunt_megastairs_2
Zot:2:    layout_gridlike, st_stairs_8, grunt_megastairs_4
Zot:3:    layout_concentric_octagons, uniq_tiamat
Zot:4:    layout_misc_corridors, hangedman_elemental_grid_stream,
          lemuel_elevator
Zot:5:    layout_basic, st_stairs_8

Skill      XL: |  1  2  3  4  5  6  7  8  9 10 11 12 13 14 15 16 17 18 19 20 21 22 23 24 25 26 27 |
---------------+----------------------------------------------------------------------------------+-----
Unarmed Combat | 4 5 6 7 9 10 12 13 14 16 17 18 19 20 21 22 23 24 25 27 | 27.0
Fighting       | 2 3 4 6 7 8 9 10 11 12 13 14 15 16 17 18 23 | 23.7
Transmutations | 3 4 5 6 7 8 9 10 11 12 13 14 15 16 17 18 20 | 20.0
Dodging        | 3 4 5 6 7 8 9 10 11 12 13 14 15 20 | 20.0
Ice Magic      | 2 5 6 7 8 |  8.0
Evocations     | 2 5 6 7 9 10 12 | 12.0
Earth Magic    | 4 7 9 11 12 14 15 18 | 18.8
Spellcasting   | 3 6 |  6.0
Shields        | 4 7 10 12 14 15 | 15.0
Stealth        | 3 8 |  8.0
Throwing       | 12 | 12.0

Action                     |  1- 3 |  4- 6 |  7- 9 | 10-12 | 13-15 | 16-18 | 19-21 | 22-24 | 25-27 || total
---------------------------+-------+-------+-------+-------+-------+-------+-------+-------+-------++-------
  Melee: Unarmed           |    34 |       |    34 |   366 |   807 |   808 |   693 |   561 |  1997 ||  5300
         Kick              |    21 |    29 |    48 |    50 |       |       |       |       |   536 ||   684
         Constrict         |    20 |    25 |    37 |    27 |       |       |   111 |   114 |   260 ||   594
         Tentacles         |    16 |    14 |    27 |    37 |     2 |     1 |   167 |   156 |   496 ||   916
         Punch             |     2 |     1 |     9 |     9 |     1 |       |   111 |   123 |   457 ||   713
         Dagger            |    17 |    42 |       |       |       |       |       |       |       ||    59
         Quarterstaff      |       |    45 |   113 |       |       |       |       |       |       ||   158
         Staff             |       |       |       |       |     4 |     2 |       |       |       ||     6
         Tailslap          |       |       |       |       |       |       |       |       |     9 ||     9
         Bite              |       |       |       |       |       |       |       |       |     7 ||     7
  Throw: Javelin           |       |       |       |       |       |       |       |       |     5 ||     5
   Cast: Beastly Appendage |    27 |    28 |    41 |    30 |       |       |       |       |       ||   126
         Wereblood         |     2 |     4 |    10 |    22 |    33 |    44 |    25 |    20 |    31 ||   191
         Ice Form          |       |       |       |    31 |   106 |    99 |     5 |       |       ||   241
         Statue Form       |       |       |       |       |       |       |    84 |    80 |   149 ||   313
         Dragon Form       |       |       |       |       |       |       |       |       |     6 ||     6
 Invoke: Potion Petition   |       |       |       |     2 |       |     5 |     1 |       |    28 ||    36
         Call Merchant     |       |       |       |       |     2 |       |       |       |       ||     2
         Bribe Branch      |       |       |       |       |       |       |       |       |     2 ||     2
Ability: End Transformatio |       |       |       |       |       |       |       |       |     1 ||     1
  Evoke: Wand              |       |       |     1 |    10 |     1 |     2 |     1 |       |     4 ||    19
         Condenser vane    |       |       |       |       |       |     1 |     1 |       |     3 ||     5
         Phantom mirror    |       |       |       |       |       |     1 |     1 |       |       ||     2
         Box of beasts     |       |       |       |       |       |     1 |       |       |       ||     1
         Tin of tremorston |       |       |       |       |       |       |       |       |     2 ||     2
    Use: Scroll            |       |    12 |     9 |     8 |     5 |     8 |     3 |     5 |    12 ||    62
         Potion            |       |       |     3 |     1 |       |     5 |     2 |     1 |    12 ||    24
   Stab: Sleeping          |     9 |     8 |     5 |     1 |     1 |     1 |     8 |     7 |     7 ||    47
         Distracted        |       |       |     2 |     3 |     8 |     5 |     5 |     4 |    46 ||    73
         Invisible         |       |       |       |       |       |       |     1 |       |    16 ||    17
         Petrifying        |       |       |       |       |       |       |       |       |     1 ||     1
         Paralysed         |       |       |       |       |       |       |       |       |     1 ||     1
 Armour: Skin              |     4 |     4 |     3 |    79 |   140 |   140 |   165 |   140 |   383 ||  1058
  Dodge: Dodged            |    23 |    49 |   105 |   263 |   499 |   606 |   519 |   371 |  1315 ||  3750
  Block: Other             |       |       |       |    23 |   136 |   164 |    25 |       |     4 ||   352
         Reflection        |       |       |       |       |     2 |    25 |    40 |    49 |    79 ||   195
         Buckler           |       |       |       |       |       |       |   261 |    69 |       ||   330
         Kite shield       |       |       |       |       |       |       |       |   423 |  1980 ||  2403

Table legend: (Time is in decaauts)
 A = Elapsed time spent in this place.
 B = Non-inter-level travel time spent in this place.
 C = Inter-level travel time spent in this place.
 D = Time resting spent in this place.
 E = Time spent auto-exploring this place.
 F = Levels seen in this place.
 G = Mean time per level.
                   A        B        C        D        E       F      G
               +--------+--------+--------+--------+--------+-----+--------+
         Total |  80752 |  72232 |   8520 |   3665 |  53705 |  58 | 1392.3 |
       Dungeon |  23323 |  19436 |   3887 |   1285 |  15251 |  15 | 1554.9 |
          Lair |   7176 |   6236 |    940 |     34 |   5139 |   5 | 1435.2 |
        Shoals |   7689 |   7472 |    217 |   1392 |   4869 |   4 | 1922.2 |
     Snake Pit |   5905 |   5246 |    659 |    310 |   3786 |   4 | 1476.2 |
    Slime Pits |   2973 |   2864 |    109 |     16 |   2294 |   5 |  594.6 |
  Orcish Mines |   2058 |   1719 |    339 |      0 |   1205 |   2 | 1029.0 |
   Elven Halls |   3652 |   3372 |    280 |    103 |   2580 |   3 | 1217.3 |
        Vaults |   9504 |   8602 |    902 |     10 |   6961 |   5 | 1900.8 |
        Depths |   7392 |   6678 |    714 |    426 |   4905 |   4 | 1848.0 |
           Zot |   7325 |   6857 |    468 |     19 |   5431 |   5 | 1465.0 |
         Abyss |   2642 |   2642 |      0 |      0 |    621 |   4 |  660.5 |
        Bazaar |     69 |     69 |      0 |      0 |     50 |   1 |   69.0 |
      Ice Cave |   1039 |   1039 |      0 |     68 |    611 |   1 | 1039.0 |
               +--------+--------+--------+--------+--------+-----+--------+

Top non-repeatable levels by time:
    D:11: 2700 daAuts
Depths:2: 2405 daAuts
Shoals:3: 2365 daAuts
Shoals:4: 2187 daAuts
    D:10: 2059 daAuts
Vaults:4: 2052 daAuts
Vaults:1: 2044 daAuts
     D:7: 2042 daAuts
   Zot:1: 1995 daAuts
Depths:3: 1992 daAuts
Shoals:2: 1892 daAuts
    D:15: 1888 daAuts
 Snake:2: 1846 daAuts
Vaults:5: 1846 daAuts
Vaults:2: 1787 daAuts
